 Dungeon Crawl Stone Soup version 0.27.1-2-g3b301248ec (webtiles) character file.

Game seed: 2470776967374993

34 Descartes the Sneak (level 3, -2/19 HPs)
             Began as a Spriggan Delver on Oct 3, 2021.
             Was an Initiate of Gozag.
             Slain by a gnoll (11 damage)
             ... on level 4 of the Dungeon.
             The game lasted 00:03:46 (494 turns).

Descartes the Sneak (Spriggan Delver)                Turns: 494, Time: 00:03:47

Health: -2/19      AC:  2    Str:  9    XL:     3   Next: 14%
Magic:  4/4        EV: 17    Int: 11    God:    Gozag
Gold:   41         SH:  0    Dex: 16    Spells: 2/2 levels left

rFire    . . .     SeeInvis +   a - +0 short sword
rCold    . . .     Faith    .   (shield restricted)
rNeg     . . .     Spirit   .   k - +0 robe
rPois    .         Reflect  .   (helmet restricted)
rElec    .         Harm     .   (no cloak)
rCorr    .         Rampage  .   (gloves unavailable)
Will     .....                  (boots unavailable)
Stlth    ++++......             (no amulet)
HPRegen  0.06/turn              (no ring)
MPRegen  0.09/turn              (no ring)

@: very quick
A: very small, no large weapons, unfitting armour, see invisible, speed 3
a: Renounce Religion, Potion Petition, Call Merchant, Bribe Branch


You were on level 4 of the Dungeon.
You worshipped Gozag.
Gozag was noncommittal.
You visited 2 branches of the dungeon, and saw 3 of its levels.

You collected 72 gold pieces.
You paid 31 gold pieces to Gozag.

Inventory:

Hand Weapons
 a - a +0 short sword (weapon)
 b - a +0 hunting sling
Armour
 k - a +0 robe (worn)
Magical Staves
 j - a staff of poison
Wands
 g - a wand of digging (3)
Scrolls
 c - a scroll of fog
 d - a scroll of magic mapping
 e - a scroll of fear
 i - a scroll of identify {unknown}
Potions
 f - 2 potions of haste


   Skills:
 - Level 2.4 Fighting
 + Level 2.5 Short Blades
 + Level 1.0 Slings
 + Level 3.1 Dodging
 + Level 7.5 Stealth
 * Level 2.1 Evocations


You had 2 spell levels left.
You didn't know any spells.
Your spell library contained the following spells:

 Spells                   Type           Power      Damage    Failure   Level
 Hailstorm                Conj/Ice       0%         3d3       98%         4
 Ice Form                 Ice/Tmut       0%         N/A       98%         4
 Simulacrum               Ice/Necr       0%         N/A       100%        6


Dungeon Overview and Level Annotations

Branches:
Dungeon (5/15)             Temple (1/1) D:5

Altars:
Elyvilon
Fedhas
Gozag
Kikubaaqudgha
Qazlal
Xom
Lugonu


Innate Abilities, Weirdness & Mutations

You are very small and have problems with some larger weapons.
You are too small for most types of armour.
You have supernaturally acute eyesight. (SInv)
You cover ground extremely quickly. (Speed+++)


Message History

You kill the gnoll!
You hear a shout!
Your Slings skill increases to level 1!
Your Evocations skill increases to level 2!
You have reached level 3!
Your experience leads to an increase in your attributes!
Increase (S)trength, (I)ntelligence, or (D)exterity?
You feel stronger.
The wyvern zombie is distracted by your dazzling golden aura.
There is a stone staircase leading down here.
You climb downwards.
There is a stone staircase leading up here.
You start resting.
A water moccasin skeleton is nearby!
You climb upwards.
There is a stone staircase leading down here.
You hit the gnoll.
The gnoll is moderately wounded.
The gnoll barely misses you.
You hit the gnoll.
The gnoll is severely wounded.
The gnoll hits you with a +0 flail.
You closely miss the gnoll.
The gnoll is severely wounded.
The gnoll completely misses you.
You barely miss the gnoll.
The gnoll is severely wounded.
The wyvern zombie barely misses you. The gnoll closely misses you.
You hit the gnoll.
The gnoll is almost dead.
The wyvern zombie misses you.
You hit the gnoll but do no damage.
The gnoll is almost dead.
The gnoll closely misses you. The wyvern zombie closely misses you.
You hit the gnoll but do no damage.
The gnoll is almost dead.
The gnoll hits you with a +0 flail!
Ouch! That really hurt!
You die...
Your body crumbles into a pile of gold.

####### ...#
#.....# ...#
#.....# ....#
#.....# ....#
#.....##....##
#...@Z........
#...g........#
##...($.......
#....(.......
#......(.....
#............
#...........#
#......!(....
#.........(.#


You could see a gnoll and a wyvern zombie.

Vanquished Creatures
  3 gnolls (D:4)
  4 jackals (D:5)
7 creatures vanquished.

Notes
Turn   | Place    | Note
-------+----------+-------------------------------------------
     0 | D:5      | Descartes the Spriggan Delver began the quest for the Orb.
     0 | D:5      | Reached XP level 1. HP: 11/11 MP: 2/2
    43 | D:5      | Found a staircase to the Ecumenical Temple.
    44 | D:5      | Noticed a jelly
    53 | Temple   | Entered the Ecumenical Temple
   189 | Temple   | Became a worshipper of Gozag Ym Sagoz the Greedy
   249 | D:5      | Reached skill level 1 in Evocations
   352 | D:4      | Reached XP level 2. HP: 12/16 MP: 3/3
   374 | D:4      | Reached skill level 1 in Slings
   374 | D:4      | Reached XP level 3. HP: 6/19 MP: 4/4
   494 | D:4      | Slain by a gnoll

Illustrated notes

Levels and vault maps discovered:
D:4:      layout_basic
D:5:      wander_river, layout_loops_ring, lemuel_coloured_pillars_altar,
          grunt_temple_overflow_open, jmf_multi_god_temple
Temple:   corrupted_temple

Skill      XL: |  1  2 |
---------------+-------+-----
Evocations     | 1 2 |  2.1
Dodging        | 3 |  3.1
Slings         | 1 |  1.0
Fighting       | |  2.4
Short Blades   | |  2.5
Stealth        | |  7.5

Action                   || total
-------------------------++-------
Melee: Short sword       ||    24
Throw: Dart              ||    16
 Stab: Sleeping          ||     2
Armor: Robe              ||     1
Dodge: Dodged            ||    16
